AoeStats
← El que te Lo Mete

Hideout

510087348Analyzed
1v1 RM · 1d ago on Sep 29, 2026· 37m 41s· 2 players
Game mode
Random Map
Map size
Tiny (2 player)
Population
200
Speed
Normal
Resources
Standard
Victory
Conquest
Starting age
Dark Age
Ending age
Imperial Age
RankedLock teamsTeams togetherTeam positionsShared explorationLock speedFull tech treeHidden civsTurbo modeCheats
Victory
Defeat
🇫🇷 Turks · France
637
+16
🇺🇸 Inca · United States
640
-16
fabeulesh
6:48 Loom
10:12 Feudal Age
10:33 Horse Collar
10:39 Double-Bit Axe
10:46 Gold Mining
12:36 Wheelbarrow
13:48 Man-at-Arms
17:54 Stone Mining
22:02 Castle Age
22:05 Long Swordsman
22:49 Heavy Plow
23:02 Bow Saw
23:34 Gold Shaft Mining
26:14 Squires
28:48 Fervor
31:19 Imperial Age
34:55 Two-Man Saw
34:32 Elite Janissary
35:23 Two-Handed Swordsman
El que te Lo Mete
0:59 Loom
12:28 Feudal Age
13:59 Wheelbarrow
14:55 Gold Mining
18:57 Castle Age
18:05 Horse Collar
19:48 Fletching
21:18 Heavy Plow
26:37 Padded Archer Armor
27:45 Bodkin Arrow
28:37 Padded Archer Armor
28:49 Champi Runner
30:20 Champi Warrior
32:35 Leather Archer Armor
31:50 Elite Skirmisher
32:39 Thumb Ring
33:21 Squires
33:26 Scale Mail Armor
33:40 Forging
33:25 Gold Mining
34:58 Chain Mail Armor
36:15 Iron Casting
38:01 Hand Cart
Connection lost

Rejoining the realm…

Still unreachable

The connection could not be restored.

Session expired

The server has moved on; the page needs a fresh start.